 Dungeon Crawl Stone Soup version 0.27.1 (webtiles) character file.

Game seed: 291456864337226635

40729 funkygono the Destroyer (level 14, -30/76 HPs)
             Began as a Gargoyle Fire Elementalist on Aug 26, 2021.
             Was a High Priest of Vehumet.
             Annihilated by a boulder beetle (47 damage)
             ... on level 11 of the Dungeon on Aug 27, 2021.
             The game lasted 01:03:06 (23214 turns).

funkygono the Destroyer (GrFE)                     Turns: 23214, Time: 01:03:07

Health: -30/76     AC: 25    Str: 13    XL:     14   Next: 12%
Magic:  7/39       EV: 10    Int: 20    God:    Vehumet [*****.]
Gold:   1985       SH:  0    Dex: 16    Spells: 2/37 levels left

rFire    x . .     SeeInvis .   C - +8 flail "Waepna" {vorpal, rPois rCorr MP+9 Stlth+}
rCold    + + .     Faith    +   (no shield)
rNeg     + . .     Spirit   .   D - +0 ice dragon scales
rPois    ∞         Reflect  .   G - +2 helmet
rElec    +         Harm     .   (no cloak)
rCorr    +         Rampage  .   q - +1 pair of gloves
Will     +....                  (no boots)
Stlth    +.........             E - amulet of faith
HPRegen  0.22/turn              o - +6 ring of dexterity
MPRegen  0.26/turn              t - ring of flight

@: flying
A: sickness immunity, AC +10, big wings, negative energy resistance 1,
electricity resistance, torment resistance 1, petrification resistance
a: Renounce Religion


You were on level 11 of the Dungeon.
You worshipped Vehumet.
Vehumet was extremely pleased with you.
You visited 3 branches of the dungeon, and saw 17 of its levels.

You collected 1985 gold pieces.

Inventory:

Hand Weapons
 w - a +3 flail of freezing
 C - the +8 flail "Waepna" (weapon) {vorpal, rPois rCorr MP+9 Stlth+}
   (You found it on level 3 of the Lair of Beasts)

   It inflicts extra damage upon your enemies.
   rPois:     It protects you from poison.
   MP:        It affects your magic capacity (+9).
   rCorr:     It protects you from acid and corrosion.
   Stlth:     It makes you more stealthy.
Missiles
 c - 228 stones
Armour
 q - a +1 pair of gloves (worn)
 B - the +3 robe of Wasted Space {Int+3}
   (You found it on level 3 of the Lair of Beasts)

   Int:       It affects your intelligence (+3).
 D - +0 ice dragon scales (worn)
 G - a +2 helmet (worn)
Jewellery
 o - a +6 ring of dexterity (left hand)
 t - a ring of flight (right hand)
 E - an amulet of faith (around neck)
Wands
 h - a wand of polymorph (4)
 i - a wand of flame (19)
 l - a wand of acid (6)
 v - a wand of paralysis (14)
Scrolls
 a - 3 scrolls of identify
 j - a scroll of blinking
 k - 3 scrolls of amnesia
 r - 4 scrolls of teleportation
 s - a scroll of enchant armour
 u - 2 scrolls of holy word
 x - 4 scrolls of fear
 A - a scroll of magic mapping
Potions
 b - 3 potions of ambrosia
 d - 2 potions of curing
 e - 2 potions of magic
 f - a potion of brilliance
 g - a potion of berserk rage
 m - 2 potions of haste
 n - a potion of mutation
 p - 2 potions of might
 F - 2 potions of attraction
 K - a potion of heal wounds


   Skills:
 + Level 4.3 Fighting
 + Level 5.5 Maces & Flails
 * Level 1.9 Armour
 + Level 4.3 Dodging
 - Level 2.1 Stealth
 * Level 12.3 Spellcasting
 * Level 12.5 Conjurations
 * Level 12.3 Fire Magic
 * Level 3.8 Air Magic
 * Level 4.7 Poison Magic


You had 2 spell levels left.
You knew the following spells:

 Your Spells              Type           Power      Damage    Failure   Level
a - Foxfire               Conj/Fire      100%       2x1d9     1%          1
b - Conjure Flame         Conj/Fire      58%        6-21      1%          3
c - Sticky Flame          Conj/Fire      58%        2d7       1%          4
d - Fireball              Conj/Fire      29%        3d13      1%          5
e - Starburst             Conj/Fire      29%        6d9       9%          6
f - Shock                 Conj/Air       100%       1d9       1%          1
g - Sting                 Tmut/Pois      84%        1d7       13%         1
h - Airstrike             Air            13%        N/A       19%         4
i - Lightning Bolt        Conj/Air       22%        1d38      9%          5
j - Lee's Rapid Deconstr  Erth           6%         3d7*      90%         5

Your spell library contained the following spells:

 Spells                   Type           Power      Damage    Failure   Level
 Poisonous Vapours        Pois/Air       58%        N/A       2%          2
 Animate Skeleton         Necr           24%        N/A       34%         1
 Corona                   Hex            13%        N/A       34%         1
 Pain                     Necr           48%        1d6       34%         1
 Ensorcelled Hibernation  Hex/Ice        24%        N/A       47%         2
 Mephitic Cloud           Conj/Pois/Air  40%        N/A       1%          3
 Dazzling Flash           Conj/Hex       74%        N/A       2%          3
 Inner Flame              Hex/Fire       37%        N/A       2%          3
 Iskenderun's Mystic Bla  Conj/Tloc      37%        2d9       7%          4
 Olgreb's Toxic Radiance  Pois           31%        N/A       13%         4
 Swiftness                Air            27%        N/A       22%         3
 Ozocubu's Armour         Ice            12%        N/A       71%         3
 Tukima's Dance           Hex            12%        N/A       71%         3
 Vampiric Draining        Necr           6%         2d6       71%         3
 Summon Lightning Spire   Summ/Air       19%        N/A       85%         4
 Silence                  Hex/Air        9%         N/A       99%         5
 Agony                    Necr           12%        N/A       100%        5
 Metabolic Englaciation   Hex/Ice        6%         N/A       100%        5
 Summon Forest            Summ/Tloc      6%         N/A       100%        5
 Summon Mana Viper        Hex/Summ       12%        N/A       100%        5
 Shadow Creatures         Summ           N/A        N/A       100%        6
 Simulacrum               Ice/Necr       6%         N/A       100%        6


Dungeon Overview and Level Annotations

Branches:
Dungeon (11/15)            Temple (1/1) D:7            Lair (5/6) D:9
  Swamp (0/4) Lair:2        Snake (0/4) Lair:4        Slime (0/5) Lair:5
    Orc (0/2) D:10

Altars:
Ashenzari
Cheibriados
Dithmenos
Elyvilon
Fedhas
Gozag
Hepliaklqana
Kikubaaqudgha
Makhleb
Nemelex Xobeh
Okawaru
Qazlal
Ru
Sif Muna
Trog
Uskayaw
Vehumet
Wu Jian
Xom
Yredelemnul
Zin
The Shining One
Jiyva

Shops:
D:3 :   D:5 :   D:9 [

Annotations:
D:10 2 transporters, bidolon's ghost, journeyman SpEn
Lair:1 1 runed translucent door, DrBigBum's ghost, journeyman GrFi


Innate Abilities, Weirdness & Mutations

You are immune to sickness and miasma.
Your stone body is resilient. (AC +10)
You are immune to poison.
Your large and strong wings let you fly.
You resist negative energy. (rN+)
You are resistant to electric shocks. (rElec)
You are resistant to unholy torment.
You are immune to petrification.


Message History

Casting: Foxfire (safe; 1% risk of failure)
Confirm with . or Enter, or press ? or * to list all spells.
You conjure some foxfire!
Unknown command.
The foxfire hits the boulder beetle but does no damage.
The boulder beetle is moderately wounded.
The foxfire hits the boulder beetle but does no damage.
The boulder beetle is moderately wounded.
The foxfire hits the boulder beetle but does no damage.
The boulder beetle is moderately wounded.
The foxfire hits the boulder beetle but does no damage.
The boulder beetle is moderately wounded.
Items here: ( )) ††.
Casting: Foxfire (safe; 1% risk of failure)
Confirm with . or Enter, or press ? or * to list all spells.
Aiming: Fireball (dangerous; 1% risk of failure)
Press: ? - help, Shift-Dir - straight line, f/p - boulder beetle
Aim: a boulder beetle (moderately wounded, rolling, poisoned)
The fireball explodes!
The fireball engulfs the boulder beetle!
The boulder beetle is heavily wounded.
The boulder beetle hits you!!
* * * LOW HITPOINT WARNING * * *
The boulder beetle stops rolling and uncurls.
The boulder beetle curls into a ball and begins rolling!
Casting: Fireball (dangerous; 1% risk of failure)
Confirm with . or Enter, or press ? or * to list all spells.
The spell is extremely dangerous to cast (90% risk of failure)!
Continue anyway?
Okay, then.
Casting: Lee's Rapid Deconstruction (extremely dangerous; 90% risk of failure)
Confirm with . or Enter, or press ? or * to list all spells.
Okay, then.
The boulder beetle hits you.
* * * LOW HITPOINT WARNING * * *
The boulder beetle stops rolling and uncurls.
The boulder beetle curls into a ball and begins rolling!
The boulder beetle looks more healthy.
The boulder beetle hits you!!!
Ouch! That really hurt!
You die...

#>......#..........#
#...................
#...################
#.#.# #.#.# #.#.#
#.#.# #.#.# #..@#
#..B# #.#○# #..°#
#..°# #.#.+ #...#
#...########
#..)).......


You could see a boulder beetle (rolling).

Vanquished Creatures
  Snorg (Lair:3)
  Erolcha (D:11)
  An ice dragon (Lair:3)
  5 hydras
  2 catoblepae (Lair:3)
  3 two-headed ogres
  A cyclops (D:11)
  A manticore (D:11)
  An oklob plant (Lair:3)
  6 elephants
  6 black mambas
  7 cane toads
  3 rime drakes
  6 komodo dragons
  2 trolls (D:10)
  2 polar bears
  4 hornets
  11 blink frogs
  4 dream sheep (Lair:4)
  12 spriggans (Lair:5)
  7 wyverns
  A wraith (D:9)
  43 yaks
  A basilisk (Lair:5)
  A shadow (D:11)
  3 steam dragons
  3 swamp worms (Lair:2)
  16 water moccasins
  An ice beast (D:7)
  A sky beast (D:5)
  2 orc warriors
  2 ogres
  10 wolves
  8 centaurs
  3 boggarts (Lair:5)
  3 phantoms
  A kobold brigand (D:10)
  12 bullfrogs
  Blork the orc (D:5)
  3 scorpions (D:9)
  A wyvern zombie (D:7)
  A water moccasin zombie (D:5)
  A water moccasin skeleton (D:5)
  18 wights
  6 killer bees (D:10)
  4 howler monkeys
  A bullfrog zombie (D:5)
  3 electric eels (Lair:2)
  7 centaur zombies
  2 hounds
  A bullfrog skeleton (D:5)
  3 orc priests
  2 iguanas (D:5)
  6 hell rats (Lair:1)
  9 orc wizards
  A scorpion zombie (D:5)
  Robin (D:2)
  6 adders
  2 white imps
  An adder skeleton (D:4)
  2 dart slugs
  20 orcs
  3 endoplasms
  4 giant cockroaches
  13 goblins
  10 hobgoblins
  2 jackals (D:1)
  A kobold (D:1)
  3 quokkas
  2 ball pythons
  4 bats
  A frilled lizard (D:3)
  3 rats
  3 bushes (Lair:2)
348 creatures vanquished.

Vanquished Creatures (collateral kills)
  15 foxfires
15 creatures vanquished.

Vanquished Creatures (others)
  An orc wizard (D:8)
  An orc (D:8)
  6 demonic plants (D:2)
  1392 foxfires
  51 fungi
  73 plants
  5 withered plants (D:2)
1529 creatures vanquished.

Grand Total: 1892 creatures vanquished

Notes
Turn   | Place    | Note
-------+----------+-------------------------------------------
     0 | D:1      | funkygono the Gargoyle Fire Elementalist began the quest
                  | for the Orb.
     0 | D:1      | Reached XP level 1. HP: 10/10 MP: 3/3
   298 | D:1      | Reached XP level 2. HP: 15/15 MP: 0/5
  1111 | D:2      | Reached XP level 3. HP: 19/19 MP: 4/6
  1125 | D:2      | Learned a level 3 spell: Conjure Flame
  1644 | D:2      | Noticed Robin
  1652 | D:2      | Killed Robin
  1775 | D:2      | Found a faded altar of an unknown god.
  1799 | D:2      | Reached XP level 4. HP: 24/24 MP: 5/7
  1852 | D:2      | Learned a level 4 spell: Sticky Flame
  2622 | D:3      | Found Xuxzatax's Book Emporium.
  2676 | D:3      | Reached skill level 1 in Fighting
  2730 | D:3      | Reached XP level 5. HP: 15/29 MP: 1/9
  3252 | D:3      | Found a shadowy altar of Dithmenos.
  3846 | D:4      | Reached XP level 6. HP: 24/34 MP: 2/11
  4417 | D:5      | Entered Level 5 of the Dungeon
  4680 | D:5      | Noticed Blork the orc
  4689 | D:5      | Killed Blork the orc
  4690 | D:5      | Reached skill level 5 in Fire Magic
  4690 | D:5      | Reached XP level 7. HP: 28/38 MP: 3/13
  4780 | D:5      | Learned a level 5 spell: Fireball
  4974 | D:5      | Found a blossoming altar of Fedhas.
  5261 | D:5      | Found a glowing silver altar of Zin.
  5341 | D:5      | Found Tenonum's Book Shoppe.
  5518 | D:6      | Found an ornate altar of the Wu Jian Council.
  5583 | D:6      | Reached skill level 5 in Spellcasting
  5583 | D:6      | Reached skill level 5 in Conjurations
  5583 | D:6      | Reached XP level 8. HP: 43/43 MP: 10/15
  5808 | D:6      | Found a stormy altar of Qazlal.
  6369 | D:6      | Found a shimmering altar of Xom.
  7108 | D:7      | Found a staircase to the Ecumenical Temple.
  7173 | Temple   | Entered the Ecumenical Temple
  7251 | Temple   | Became a worshipper of Vehumet
  7849 | D:7      | Reached XP level 9. HP: 45/48 MP: 4/18
  7959 | D:7      | Reached skill level 1 in Maces & Flails
  8336 | D:7      | Identified the +2 flail "Toexzasaxo" {flame, Fly rElec rC++
                  | Int-2}
  8740 | D:8      | HP: 1/48 [steam dragon/ball of steam (26)]
  9386 | D:8      | Noticed a hornet
  9393 | D:8      | Killed a hornet
  9603 | D:9      | Noticed a two-headed ogre
  9615 | D:8      | Killed a two-headed ogre
  9616 | D:8      | Reached XP level 10. HP: 29/53 MP: 10/21
 10202 | D:9      | Found a staircase to the Lair.
 10436 | D:9      | Reached * piety under Vehumet
 10436 | D:9      | Offered knowledge of Shock by Vehumet.
 10445 | D:9      | Learned a level 1 spell: Shock
 10737 | D:9      | Found Duorrul's Antique Armour Boutique.
 11377 | Lair:1   | Entered Level 1 of the Lair of Beasts
 11497 | Lair:1   | Noticed a five-headed hydra
 11521 | Lair:1   | Killed a five-headed hydra
 11632 | D:9      | Learned a level 6 spell: Starburst
 11742 | Lair:1   | Noticed a black mamba
 11753 | Lair:1   | Killed a black mamba
 11905 | Lair:1   | Reached XP level 11. HP: 59/59 MP: 13/24
 12310 | Lair:1   | Found a runed translucent door.
 12312 | Lair:1   | Noticed DrBigBum's ghost (journeyman GrFi)
 12313 | Lair:1   | Noticed a spriggan rider
 12317 | Lair:1   | Identified the +8 spear of Fragile Peace {vorpal, Dex+2}
 13171 | Lair:2   | Noticed a four-headed hydra
 13176 | Lair:2   | Killed a four-headed hydra
 13199 | Lair:2   | Reached ** piety under Vehumet
 13199 | Lair:2   | Offered knowledge of Magic Dart by Vehumet.
 13271 | Lair:2   | Noticed a six-headed hydra
 13277 | Lair:2   | Killed a six-headed hydra
 13278 | Lair:2   | Reached skill level 10 in Conjurations
 13290 | Lair:2   | Reached skill level 10 in Spellcasting
 13537 | Lair:2   | Reached skill level 10 in Fire Magic
 13704 | Lair:2   | Noticed an eight-headed hydra
 13726 | Lair:2   | Killed an eight-headed hydra
 13921 | Lair:2   | Reached XP level 12. HP: 59/64 MP: 14/26
 14060 | Lair:2   | Offered knowledge of Frozen Ramparts by Vehumet.
 14391 | Lair:2   | Learned a level 1 spell: Sting
 14742 | Lair:2   | Found a staircase to the Swamp.
 15191 | Lair:3   | Noticed Snorg
 15205 | Lair:3   | Killed Snorg
 15206 | Lair:3   | Reached skill level 1 in Poison Magic
 15530 | Lair:3   | Reached skill level 1 in Air Magic
 15870 | Lair:3   | Reached *** piety under Vehumet
 16207 | Lair:3   | Noticed a catoblepas
 16229 | Lair:3   | Killed a catoblepas
 16428 | Lair:3   | Identified the +3 robe of Wasted Space {Int+3}
 16485 | Lair:3   | Identified the +8 flail "Waepna" {vorpal, rPois rCorr MP+9
                  | Stlth+}
 16592 | Lair:3   | Noticed a catoblepas
 16600 | Lair:3   | Killed a catoblepas
 16931 | Lair:3   | Noticed an ice dragon
 16938 | Lair:3   | Killed an ice dragon
 17077 | Lair:3   | Learned a level 5 spell: Lightning Bolt
 17082 | Lair:3   | Learned a level 4 spell: Airstrike
 17571 | Lair:4   | Reached XP level 13. HP: 70/70 MP: 28/28
 17793 | Lair:4   | Offered knowledge of Mephitic Cloud by Vehumet.
 18151 | Lair:4   | Reached **** piety under Vehumet
 18246 | Lair:4   | Learned a level 3 spell: Mephitic Cloud
 18255 | Lair:4   | Found a staircase to the Snake Pit.
 18913 | Lair:4   | Identified a scroll of acquirement
 18913 | Lair:4   | Acquired 1128 gold pieces
 18967 | Lair:5   | Offered knowledge of Yara's Violent Unravelling by Vehumet.
 19629 | Lair:5   | Found a viscous altar of Jiyva.
 19629 | Lair:5   | Found a staircase to the Slime Pits.
 20121 | Lair:5   | Reached skill level 5 in Maces & Flails
 20175 | Lair:5   | Reached ***** piety under Vehumet
 20198 | Lair:5   | Offered knowledge of Lee's Rapid Deconstruction by Vehumet.
 20786 | Lair:5   | Identified the +8 rapier of Misery {venom, *Noise rF+ MP+9
                  | Str+4}
 21177 | Lair:5   | Learned a level 5 spell: Lee's Rapid Deconstruction
 21492 | D:10     | Entered Level 10 of the Dungeon
 21518 | D:10     | Found a transporter.
 21538 | D:10     | Noticed bidolon's ghost (journeyman SpEn)
 21545 | D:10     | Found a transporter.
 22035 | D:10     | Found a staircase to the Orcish Mines.
 22374 | D:10     | Found a shimmering blue altar of Sif Muna.
 22471 | D:10     | Reached skill level 1 in Armour
 22585 | D:11     | Gained mutation: Your large and strong wings let you fly.
                  | [Gargoyle growth]
 22585 | D:11     | Reached XP level 14. HP: 57/76 MP: 25/30
 22832 | D:11     | Noticed Erolcha
 22840 | D:11     | Killed Erolcha
 23214 | D:11     | Annihilated by a boulder beetle

Illustrated notes

Levels and vault maps discovered:
D:1:      elethiomel_arrival_quiet, layout_basic
D:2:      layout_basic, shapermc_ecumenical_altar_gd, uniq_robin
D:3:      layout_rooms, mainiacjoe_overflow_six_doors_small, serial_shops, shop,
          kennysheep_generic_room_14
D:4:      layout_gridville
D:5:      layout_cave_pools, kennysheep_mini_moat, zin_academy, serial_shops,
          shop_statue, uniq_blork_the_orc
D:6:      layout_basic, pdpol_wu_jian_five_deadly_venoms, xom_teletrap_fun,
          general_overflow_altar
D:7:      layout_basic, minmay_temple_entry_glass, minmay_misc_feat_room
D:8:      layout_cave_pools, minivault_19
D:9:      layout_gridville, grunt_lair_entry_orc_guard_hut, serial_shops,
          shop_statue
D:10:     layout_loops_ring, mainiacjoe_overflow_alcove_1, david_orc_2,
          gammafunk_ghost_berserking_beasts, grunt_ministairs_2,
          blue_anna_alchemist
D:11:     layout_stronghold, uniq_erolcha
Temple:   regret_index_temple_generic_petals
Lair:1:   layout_roguey, ebering_ghost_funeral_grove, st_stairs_5
Lair:2:   layout_regular_city, nicolae_swamp_entry_splash_gauntlet,
          serial_forest, infiniplex_forest_clump_double,
          infiniplex_forest_lined_room_2, infiniplex_forest_straight_2,
          infiniplex_forest_end_1, infiniplex_forest_clump_diagonal,
          infiniplex_forest_end_2, serial_bayou_shore_a, grunt_megastairs_1,
          infiniplex_staircase_pool
Lair:3:   dragon1_lemuel, layout_regular_city, chequers_serial_rivers_micro_c,
          uniq_snorg
Lair:4:   layout_cave_pods, minmay_snake_entry_six_corridors,
          beast_lair_carwin_1, infiniplex_staircase_pool_2
Lair:5:   kb_forest_paths, layout_cave_shapes, dpeg_slime_entry_enclosed_altar,
          st_stairs_3

Skill      XL: |  1  2  3  4  5  6  7  8  9 10 11 12 13 |
---------------+----------------------------------------+-----
Conjurations   | 2 3 4 5 6 8 9 10 11 12 | 12.5
Fire Magic     | 4 5 6 8 9 10 11 12 | 12.3
Fighting       | 1 2 3 4 |  4.3
Spellcasting   | 3 4 5 6 7 9 10 11 12 | 12.3
Dodging        | 2 3 4 |  4.3
Maces & Flails | 1 2 4 5 |  5.5
Poison Magic   | 3 4 |  4.7
Air Magic      | 2 3 |  3.8
Armour         | 1 |  1.9
Stealth        | |  2.1

Action                   |  1- 3 |  4- 6 |  7- 9 | 10-12 | 13-15 || total
-------------------------+-------+-------+-------+-------+-------++-------
Melee: Club              |     2 |       |       |       |       ||     2
       Unarmed           |     1 |       |       |       |       ||     1
       Morningstar       |     1 |    26 |    31 |    45 |       ||   103
       Flail             |       |       |       |   153 |   112 ||   265
 Cast: Foxfire           |    55 |   124 |   193 |   295 |   157 ||   824
       Sticky Flame      |       |       |     6 |    70 |    34 ||   110
       Fireball          |       |       |       |    20 |    31 ||    51
       Airstrike         |       |       |       |     1 |     4 ||     5
       Lightning Bolt    |       |       |       |       |    26 ||    26
       Starburst         |       |       |       |       |     7 ||     7
       Conjure Flame     |       |       |       |       |     1 ||     1
       Mephitic Cloud    |       |       |       |       |     1 ||     1
       Sting             |       |       |       |       |     3 ||     3
  Use: Scroll            |       |    13 |     9 |     2 |     6 ||    30
       Potion            |       |     4 |     1 |     1 |     1 ||     7
 Stab: Petrified         |       |       |       |     1 |       ||     1
       Confused          |       |       |       |       |     1 ||     1
       Sleeping          |       |       |       |       |     1 ||     1
Armor: Robe              |     4 |    30 |    47 |   157 |    66 ||   304
       Ice dragon scales |       |       |       |       |    51 ||    51
Dodge: Dodged            |    11 |    21 |    60 |   200 |   121 ||   413
